 Dungeon Crawl Stone Soup version 0.26-a0-613-g4f23886233 (webtiles) character file.

Game seed: 18064807561457987572

82 DogServant the Ruffian (level 4, -1/36 HPs)
             Began as a Draconian Transmuter on Sept 11, 2020.
             Slain by an orc warrior
             ... wielding a +0 mace
              (13 damage)
             ... on level 3 of the Dungeon.
             The game lasted 00:04:27 (1841 turns).

DogServant the Ruffian (Draconian Transmuter)       Turns: 1841, Time: 00:04:28

Health: -1/36      AC:  5    Str: 14    XL:     4   Next: 21%
Magic:  6/7        EV: 12    Int: 13    God:
Gold:   108        SH:  0    Dex: 11    Spells: 4/7 levels left

rFire    . . .     SeeInvis .     - Unarmed
rCold    . . .     Faith    .   (no shield)
rNeg     . . .     Spirit   .   (armour unavailable)
rPois    .         Reflect  .   (helmet restricted)
rElec    .         Harm     .   (no cloak)
rCorr    .                      (no gloves)
MR       .....                  (no boots)
Stlth    +.........             (no amulet)
HPRegen  0.12/turn              (no ring)
MPRegen  0.10/turn              (no ring)

@: wereblooded
A: unfitting armour, cold-blooded, AC +5
a: no special abilities


You were on level 3 of the Dungeon.
You visited 1 branch of the dungeon, and saw 4 of its levels.

You collected 108 gold pieces.

Inventory:

Missiles
 e - 4 poisoned darts (quivered)
 g - a throwing net
Jewellery
 l - an uncursed ring of positive energy
 m - a cursed ring of attention
 o - an uncursed amulet of guardian spirit
Wands
 p - a wand of disintegration (13)
Scrolls
 b - a scroll of immolation {unknown}
 f - a scroll of fear {unknown}
 i - a scroll of teleportation
 j - a scroll of amnesia
Potions
 a - 3 potions of stabbing
 c - a potion of heal wounds {unknown}
 d - a potion of flight {unknown}
 h - 2 potions of curing {unknown}
 k - a potion of berserk rage {unknown}
 n - a potion of magic {unknown}


   Skills:
 + Level 1.9 Fighting
 - Level 1.9 Dodging
 * Level 3.7 Unarmed Combat
 + Level 2.3 Spellcasting
 * Level 3.1 Transmutations


You had 4 spell levels left.
You knew the following spells:

 Your Spells              Type           Power        Failure   Level
a - Beastly Appendage     Tmut           #.....       7%          1
b - Wereblood             Tmut           #.......     11%         2

Your spell library contained the following spells:

 Spells                   Type           Power        Failure   Level
 Spider Form              Tmut/Pois      #.........   36%         3
 Ice Form                 Ice/Tmut       #.......     78%         4
 Blade Hands              Tmut           #.........   88%         5


Dungeon Overview and Level Annotations

Branches:
Dungeon (4/15)
 Temple: D:4-7

Altars:
Kikubaaqudgha


Innate Abilities, Weirdness & Mutations

Your plain brown scales are hard. (AC +5)
You cannot fit into any form of body armour.
You are cold-blooded and may be slowed by cold attacks.


Message History

The orc warrior barely misses you.
You punch the hobgoblin!
You kill the hobgoblin!
Your horns disappear.
Your talons disappear.
The orc warrior closely misses you.
You hit the orc warrior.
You tail-slap the orc warrior, but do no damage.
The orc warrior is lightly wounded.
The orc barely misses you.
You hit the orc warrior but do no damage.
The orc warrior is lightly wounded.
The orc warrior hits you with a +0 mace!
The orc hits you with a +0 flail.
You punch the orc warrior!
Your tail-slap misses the orc warrior.
The orc warrior is heavily wounded.
The orc warrior barely misses you. The orc closely misses you.
You hit the orc warrior but do no damage.
The orc warrior is heavily wounded.
The orc warrior hits you with a +0 mace!
You die...

............'.g♣ ..+
.........^..#≈o♣♣♣♣.≈#
r...........#≈o.....≈#
...........#≈≈≈†.≈≈≈#
..........####''#######
.........# #.........#
........#.#.........####
.......)..>o†.........#
##<....o@........#.#
#...............#.#
#...............#.#
....<###....)....#.#
##### #.........#.#
#.........#.#
#........##.#
######...........#
................##


You could see an orc warrior and an orc.

Vanquished Creatures
  Terence (D:2)
  An adder (D:3)
  A dart slug (D:1)
  2 leopard geckos
  2 orcs (D:3)
  4 giant cockroaches
  6 hobgoblins
  3 bats (D:1)
  2 frilled lizards
  5 goblins
  11 kobolds
  3 rats
41 creatures vanquished.

Notes
Turn   | Place    | Note
-------+----------+-------------------------------------------
     0 | D:1      | DogServant the Draconian Transmuter began the quest for the
                  | Orb.
     0 | D:1      | Reached XP level 1. HP: 16/16 MP: 3/3
   284 | D:1      | Reached XP level 2. HP: 23/23 MP: 3/5
   947 | D:2      | Noticed Terence
   967 | D:2      | Killed Terence
   967 | D:2      | Reached XP level 3. HP: 4/28 MP: 4/6
  1613 | D:2      | Found an ancient bone altar of Kikubaaqudgha.
  1765 | D:3      | Reached XP level 4. HP: 31/36 MP: 5/7
  1793 | D:3      | Noticed an orc warrior
  1826 | D:4      | Learned a level 2 spell: Wereblood
  1841 | D:3      | Slain by an orc warrior

Illustrated notes

Levels and vault maps discovered:
D:1:      minmay_arrival_shattered_statue, layout_loops_ring
D:2:      layout_rooms, kiku_gazebo_pond_becter, uniq_terence
D:3:      layout_basic, tgw_trog, kennysheep_generic_room_6
D:4:      layout_rooms, minmay_tree_intersection, minmay_manual_monolith

Skill      XL: |  1  2  3 |
---------------+----------+-----
Transmutations | 3 |  3.1
Fighting       | |  1.9
Dodging        | |  1.9
Unarmed Combat | |  3.7
Spellcasting   | |  2.3

Action                   |  1- 3 |  4- 6 || total
-------------------------+-------+-------++-------
Melee: Unarmed           |   104 |    21 ||   125
       Headbutt          |    16 |     2 ||    18
       Kick              |    18 |     3 ||    21
       Tailslap          |    12 |     1 ||    13
       Punch             |     1 |       ||     1
 Cast: Beastly Appendage |    20 |     2 ||    22
       Wereblood         |       |     1 ||     1
  Use: Scroll            |     8 |       ||     8
Armor: Skin              |    28 |     7 ||    35
Dodge: Dodged            |    48 |    19 ||    67

Table legend: (Time is in decaauts)
 A = Elapsed time spent in this place.
 B = Non-inter-level travel time spent in this place.
 C = Inter-level travel time spent in this place.
 D = Time resting spent in this place.
 E = Time spent auto-exploring this place.
 F = Levels seen in this place.
 G = Mean time per level.
                   A        B        C        D        E       F      G
               +--------+--------+--------+--------+--------+-----+--------+
         Total |   1832 |   1814 |     18 |      0 |   1459 |   4 |  458.0 |
       Dungeon |   1832 |   1814 |     18 |      0 |   1459 |   4 |  458.0 |
               +--------+--------+--------+--------+--------+-----+--------+

Top non-repeatable levels by time:
     D:1: 943 daAuts
     D:2: 760 daAuts
     D:3: 116 daAuts
     D:4: 11 daAuts
